Map: Ulrena

Players

zidar

  • Race: Zerg Zerg
  • League: Gold
  • Spawn Location: 7:00

andzik - Winner!

  • Race: Zerg Zerg
  • League: Gold
  • Spawn Location: 11:00

VOD

Have the link to the VOD?

Description

Time

  • Played on: June 18, 2016, 11:32 a.m.
  • Length: 9:51
Show
View Real Time Build Order
Export as new Build Order

zidar Zerg 

Build Orders: Pool First 

Get SALT Encoding   

  12  0:01  Drone  
  13  0:13  Overlord  
  13  0:22  Drone  
  14  0:33  Drone x2  
  16  0:43  Spawning Pool  
  16  0:45  Drone  
  16  1:11  Hatchery  
  16  1:12  Drone  
  16  1:15  Extractor  
  16  1:17  Drone  
  16  1:36  Zergling x4  
  16  1:37  Zergling x2  
  19  1:41  Queen  
  21  1:48  Drone  
  21  1:54  Extractor  
  21  1:59  Overlord  
  22  2:11  Extractor, Drone  
  23  2:18  Queen  
  25  2:24  Metabolic Boost  
  25  2:42  Roach Warren, Drone x3  
  27  2:45  Drone  
  28  3:09  Extractor  
  28  3:11  Drone x6  
  33  3:28  Drone x2  
  33  3:32  Drone  
  36  3:37  Overlord  
  36  3:38  Overlord x2  
  36  3:56  Drone x2  
  36  4:00  Roach  
  36  4:01  Roach x3  
  46  4:23  Roach x2  
  46  4:24  Roach x5  
  60  4:31  Overlord  
  60  4:40  Overlord x2  
  60  4:53  Roach  
  60  4:54  Roach x3  
  68  5:01  Ravager x3  
  68  5:04  Ravager  
  70  5:38  Roach x7  
  84  5:43  Overlord x4  
  82  6:28  Ravager  
  82  6:29  Ravager x2  
  84  6:34  Roach  
  84  6:35  Roach x2, Zergling x2  
  84  6:36  Zergling x18  
  100  7:22  Overlord x3  
  51  8:19  Roach  
  61  8:20  Roach x11  
  57  8:32  Roach x2  
  61  8:48  Roach x2, Hatchery  
  64  8:54  Ravager x4  
  68  9:02  Hatchery  
  67  9:05  Roach x5  
  77  9:20  Roach x3  
  77  9:23  Zergling x2  
  78  9:34  Drone x3  
Show
View Real Time Build Order
Export as new Build Order

andzik Zerg - Winner!

Build Orders: Hatch First, Lurkers 

Get SALT Encoding   

  12  0:01  Drone  
  13  0:09  Drone  
  14  0:19  Overlord  
  14  0:37  Drone x2  
  14  0:38  Drone  
  17  0:59  Hatchery  
  17  1:03  Drone x2  
  18  1:18  Spawning Pool  
  18  1:20  Extractor, Drone  
  17  1:28  Drone  
  17  1:32  Drone  
  19  1:49  Drone  
  20  1:58  Overlord  
  20  2:06  Queen  
  20  2:07  Spine Crawler  
  21  2:11  Queen  
  21  2:12  Drone  
  24  2:24  Drone x3  
  24  2:25  Spine Crawler  
  24  2:27  Drone  
  27  2:41  Drone x2  
  29  2:50  Drone x2  
  31  2:55  Spine Crawler  
  31  2:57  Drone  
  31  3:09  Extractor, Drone x2  
  31  3:10  Roach Warren, Drone  
  32  3:21  Roach Warren  
  32  3:25  Evolution Chamber  
  31  3:28  Drone x3  
  31  3:29  Drone x2  
  31  3:31  Overlord  
  36  3:55  Lair  
  36  4:05  Roach x4  
  36  4:07  Overlord x3  
  44  4:18  Zerg Missile Weapons Level 1  
  44  4:26  Roach x2  
  44  4:27  Roach x3  
  55  4:45  Drone x2  
  55  4:46  Drone x3  
  59  4:56  Overseer  
  59  5:02  Glial Reconstitution  
  59  5:04  Hydralisk Den  
  60  5:21  Roach  
  60  5:22  Roach x4  
  60  5:23  Overlord x3  
  60  5:24  Overlord  
  68  5:47  Extractor  
  68  5:49  Extractor  
  66  5:54  Hatchery  
  63  6:20  Lurker Den  
  63  6:26  Drone  
  63  6:27  Drone x7  
  63  6:28  Drone  
  63  6:29  Overlord x2  
  72  6:53  Queen  
  74  6:56  Drone x7  
  74  6:57  Drone x4  
  85  7:08  Zerg Ground Armor Level 1  
  85  7:15  Hydralisk x3  
  91  7:26  Roach  
  91  7:27  Roach x5  
  99  7:46  Hydralisk x3, Pneumatized Carapace  
  99  7:47  Hydralisk x5  
  94  8:37  Lurker x6  
  100  8:59  Drone x3  
  100  9:00  Extractor, Drone x7  
  100  9:01  Drone x3  
  112  9:03  Extractor  
  112  9:04  Queen  
Tags
 
Composition
Lurkers
League
GoldGold
Matchup
ZvZ
Race
Zerg
Spawn Locations
Close Positions
Add a new tag
Caveats
  • Supply blocks, unpowered buildings, or Contaminate may cause inaccurate times.
  • Supply counts are checked every 10 seconds.